 Dungeon Crawl Stone Soup version 0.19.0-11-g3fc08b3 (webtiles) character file.

239104 JeffiDaFish the Peltast (level 19, -4/125 HPs)
             Began as a Gargoyle Fighter on Nov 9, 2016.
             Was the Champion of Makhleb.
             Slain by an orc knight
             ... wielding a +0 battleaxe
              (25 damage)
             ... on level 1 of the Vaults.
             The game lasted 01:46:19 (30961 turns).

JeffiDaFish the Peltast (Gargoyle Fighter)         Turns: 30961, Time: 01:46:19

Health: -4/125     AC: 52    Str: 35    XL:     19   Next: 28%
Magic:  41/41      EV:  9    Int: 14    God:    Makhleb [******]
Gold:   3571       SH: 27    Dex: 19    Spells: 3 memorised, 21 levels left

rFire  + + .     SeeInvis .     o - +10 mace "String" {drain, *Drain +Inv Dex+4 Stlth+}
rCold  . . .     Gourm    .     g - +8 plate armour {rF+}
rNeg   + . .     Faith    .     l - +3 large shield of Winter {*Slow rElec Dex+2 Stlth+}
rPois  ∞         Spirit   .     D - +3 hat of Pondering {ponderous, MR+ MP+10 Int+5}
rElec  +         Reflect  .     k - +2 cloak
rCorr  .         Harm     .     M - +2 pair of gloves
MR     ++...                    C - +2 pair of boots
Stlth  ..........               I - amulet of Upaaxona {rF+ Regen+ Str+5 Dex-2}
                                x - +4 ring of strength
                                K - +4 ring of dexterity

@: marked, flying, slowed, very slow
A: big wings, claws 1, negative energy resistance 1, electricity resistance,
unbreathing, petrification resistance, rot immunity, AC +13
a: Stop Flying, Minor Destruction, Lesser Servant of Makhleb, Major Destruction,
Greater Servant of Makhleb, Renounce Religion, Evoke Invisibility
}: 2/15 runes: decaying, gossamer


You were on level 1 of the Vaults.
You worshipped Makhleb.
Makhleb was exalted by your worship.
You were very hungry.

You visited 7 branches of the dungeon, and saw 33 of its levels.
You also visited: Volcano.

You collected 3938 gold pieces.
You spent 367 gold pieces at shops.

Inventory:

Hand Weapons
 o - the +10 mace "String" (weapon) {drain, *Drain +Inv Dex+4 Stlth+}
   (You found it on level 4 of the Dungeon)

   A truly terrible weapon, it drains the life of those it strikes.
   It affects your dexterity (+4).
   It lets you turn invisible.
   It causes draining when unequipped.
   It makes you more stealthy.
Armour
 g - a +8 plate armour of fire resistance (worn)
 k - a +2 cloak (worn)
 l - the +3 large shield of Winter (worn) {*Slow rElec Dex+2 Stlth+}
   (You found it on level 5 of the Lair of Beasts)

   It affects your dexterity (+2).
   It insulates you from electricity.
   It may slow you when you take damage.
   It makes you more stealthy.
 C - a +2 pair of boots (worn)
 D - the +3 hat of Pondering (worn) {ponderous, MR+ MP+10 Int+5}
   (You took it off Gastronok on level 8 of the Dungeon)

   It affects your intelligence (+5).
   It affects your resistance to hostile enchantments.
   It affects your magic capacity (+10).
 M - a +2 pair of gloves (worn)
Jewellery
 x - a +4 ring of strength (right hand)
 I - the amulet of Upaaxona (around neck) {rF+ Regen+ Str+5 Dex-2}
   (You acquired it on level 15 of the Dungeon)

   [amulet of regeneration]

   It affects your strength (+5).
   It affects your dexterity (-2).
   It protects you from fire.
   It increases your rate of regeneration.
 K - a +4 ring of dexterity (left hand)
Wands
 c - a wand of random effects (30/48)
 h - a wand of confusion (20/48)
 w - a wand of heal wounds (4/9)
 z - a wand of flame (17/48)
 A - a wand of confusion (21/48)
 F - a wand of random effects (21/48)
 O - a wand of lightning (7/15)
 P - a wand of random effects (26/48)
 Q - a wand of digging (10/24)
 T - a wand of polymorph (9/24)
 V - a wand of slowing (26/48)
Scrolls
 e - 4 scrolls of fear
 p - a scroll of blinking
 q - 9 scrolls of recharging
 r - 14 scrolls of identify
 t - 10 scrolls of remove curse
 u - 3 scrolls of fog
 B - 3 scrolls of summoning
 L - 8 scrolls of teleportation
Potions
 b - 6 potions of haste
 i - 9 potions of curing
 m - 2 potions of agility
 v - 3 potions of invisibility
 E - a potion of heal wounds
 G - 3 potions of cancellation
 J - 2 potions of flight
 N - 5 potions of ambrosia
 R - a potion of might
 S - a potion of resistance
Books
 a - a book of Geomancy

   Spells                             Type                      Level
   a - Sandblast                      Earth                        1
   b - Passwall                       Transmutation/Earth          2
   c - Stone Arrow                    Conjuration/Earth            3
   d - Petrify                        Transmutation/Earth          4
   e - Lee's Rapid Deconstruction     Earth                        5
 y - a book of Conjurations

   Spells                             Type                      Level
   a - Magic Dart                     Conjuration                  1
   b - Searing Ray                    Conjuration                  2
   c - Dazzling Spray                 Conjuration/Hexes            3
   d - Fulminant Prism                Conjuration/Hexes            4
   e - Iskenderun's Mystic Blast      Conjuration                  4
   f - Iskenderun's Battlesphere      Conjuration/Charms           5
 H - a book of the Earth

   Spells                             Type                      Level
   a - Leda's Liquefaction            Hexes/Earth                  4
   b - Bolt of Magma                  Conjuration/Fire/Earth       5
   c - Statue Form                    Transmutation/Earth          6
   d - Iron Shot                      Conjuration/Earth            6
   e - Shatter                        Earth                        9
Comestibles
 d - a fruit
 f - 15 bread rations
 j - 3 beef jerkies
 n - 10 meat rations
 s - 2 slices of pizza


   Skills:
 * Level 15.7 Fighting
 * Level 16.4 Maces & Flails
 * Level 15.6 Armour
 - Level 2.9 Dodging
 - Level 1.3 Stealth
 * Level 16.7 Shields
 + Level 8.2 Spellcasting
 + Level 9.9 Conjurations
 + Level 11.0 Earth Magic


You had 21 spell levels left.
You knew the following spells:

 Your Spells              Type           Power        Failure   Level  Hunger
a - Stone Arrow           Conj/Erth      #####.       8%          3    ##.....
b - Fulminant Prism       Conj/Hex       ###.......   99%         4    ####...
c - Iron Shot             Conj/Erth      #####.....   100%        6    #######


Dungeon Overview and Level Annotations

Branches:
Dungeon (15/15)            Temple (1/1) D:7            Lair (6/6) D:11
  Swamp (4/4) Lair:3       Spider (4/4) Lair:3        Slime (0/5) Lair:5
    Orc (2/2) D:10            Elf (0/3) Orc:2        Vaults (1/5) D:14
 Depths (0/5) D:15

Altars:
Ashenzari
Dithmenos
Elyvilon
Fedhas
Gozag
Makhleb
Okawaru
Qazlal
Ru
Sif Muna
Uskayaw
Yredelemnul
Zin
The Shining One
Beogh
Jiyva

Shops:
D:4 *   Orc:1 %   Orc:2 ([*=

Portals:
Hell: Lair:6


Innate Abilities, Weirdness & Mutations

You are resistant to torment.
Your stone body is resilient. (AC +13)
You are immune to poison.
Your large and strong wings let you fly indefinitely.
You resist negative energy. (rN+)
You are resistant to electric shocks. (rElec)
You can survive without breathing.
You are immune to petrification.
You are immune to rotting.
You have sharp fingernails.


Message History

The ironbrand convoker points at the deep elf mage and mumbles some strange words.
The deep elf mage seems to grow stronger.
You block the ogre mage's attack. You block the freezing wraith's attack.
The freezing wraith hits you but does no damage.
The yaktaur captain barely misses you. You block the orc knight's attack.
You sock something!
You hear some strange, mumbled words.
You block the ogre mage's attack. You block something's attack.
The freezing wraith hits you!
* * * LOW HITPOINT WARNING * * *
The freezing wraith freezes you!
* * * LOW HITPOINT WARNING * * *
The freezing wraith barely misses you.
The ironbrand convoker points at the hill giant and mumbles some strange words.
The hill giant seems to grow stronger.
The skeletal warrior barely misses you. You block the vault warden's attack.
The deep elf archer shoots an arrow.
Reactivating autopickup.
The arrow dissolves into shadows!
The orc knight hits you with a battleaxe!!
You die...

#op......#
#####....#
#....#
#))..#
#...C#
#..pp#
#.ppp#


#CWcW# #eWo@# #*Oz)# #.OOe# #..gO# #....# #e...# .....# ......# You could see a
vault warden, a death knight, a yaktaur captain, an orc knight, a skeletal
warrior, 2 hill giants, an ogre mage, a vault sentinel, 2 deep elf archers, 2
ironbrand convokers, 2 freezing wraiths, a deep elf mage, a wraith, 3 ogres, a
boggart and a battlesphere.

Vanquished Creatures
  Saint Roka (Orc:2)
  Nikola (Spider:4)
  Asterion (Spider:1)
  Frances (Spider:1)
  Gastronok (D:8)
  Agnes (Spider:1)
  A thorn hunter (Swamp:2)
  2 vault wardens (Vaults:1)
  12 emperor scorpions
  3 ghost moths
  A stone giant (Vaults:1)
  3 entropy weavers
  2 dire elephants (Lair:6)
  An ettin (Orc:1)
  Snorg (D:11)
  Erolcha (D:10)
  A yaktaur captain (D:15)
  Fannar (D:11)
  31 hydras
  5 centaur warriors
  A ghost crab (Swamp:2)
  The ghost of thedrunkenpirate the Basher, a journeyman DrFi of Hepliaklqana (Lair:4)
  Erica (D:8)
  An anaconda (Lair:4)
  A death knight (Vaults:1)
  2 catoblepae
  2 dancing weapons (D:14)
  6 alligators
  8 death yaks
  2 orc high priests (Orc:2)
  A hell knight (Volcano)
  A fire crab (Lair:6)
  4 skeletal warriors
  A sixfirhy (Lair:6)
  11 swamp dragons
  2 spriggan druids (Swamp:4)
  4 unseen horrors
  4 shambling mangroves (Swamp:4)
  2 wizards
  10 hill giants
  26 orb spiders
  27 wolf spiders
  3 orc knights (Orc:2)
  4 orc sorcerers (Orc:2)
  4 cyclopes
  5 ugly things
  3 moths of wrath
  A manticore (D:15)
  A salamander (Volcano)
  4 black mambas
  2 torpor snails
  14 elephants
  A gargoyle (D:13)
  3 orange demons (Lair:6)
  A smoke demon (Lair:6)
  8 spiny frogs
  3 centaur skeletons
  A yaktaur (shapeshifter) (D:14)
  3 rime drakes
  9 komodo dragons
  6 kobold demonologists
  A yaktaur (D:15)
  A tengu conjurer (D:15)
  16 demonic crawlers
  A hellwing (Lair:6)
  4 ice devils (Lair:6)
  A red devil (Lair:6)
  3 trolls
  3 two-headed ogres
  2 polar bears
  53 jumping spiders
  A queen bee (Lair:2)
  6 tyrant leeches
  9 hornets
  A blink frog (Lair:6)
  7 dream sheep (Lair:6)
  30 slime creatures
  A meliai zombie (D:12)
  9 bog bodies
  11 hippogriffs
  29 tarantellas
  A spriggan (D:7)
  6 shadows
  50 yaks
  Sigmund (D:3)
  92 redbacks
  Grum (D:8)
  5 basilisks
  A golden eye (shapeshifter) (D:14)
  A wyvern (Lair:6)
  A human (shapeshifter) (Vaults:1)
  3 hungry ghosts
  3 steam dragons
  27 vampire mosquitoes
  13 insubstantial wisps
  A mottled dragon (D:13)
  14 water moccasins
  2 wargs (Orc:2)
  A hell hound (Lair:6)
  21 swamp worms
  6 porcupines
  A soldier ant (D:12)
  3 sky beasts
  A black bear (shapeshifter) (Vaults:1)
  33 orc warriors
  2 ice beasts
  4 black bears
  2 eyes of draining
  19 ogres
  7 swamp drakes
  4 necrophages
  3 phantoms
  4 wolves
  16 centaurs
  2 boggarts (Vaults:1)
  17 crocodiles
  Blork the orc (D:6)
  13 big kobolds
  27 bullfrogs
  A wyvern zombie (D:13)
  3 scorpions
  A wyvern skeleton (D:14)
  A water moccasin skeleton (D:7)
  34 killer bees
  15 wights
  4 howler monkeys
  2 electric eels
  4 centaur zombies
  7 crimson imps
  5 quasits
  14 jellies
  3 hounds
  Crazy Yiuf (D:4)
  A gnoll shaman (D:8)
  33 orc wizards
  A bullfrog skeleton (D:6)
  6 iguanas
  24 orc priests
  2 hell rats (Lair:2)
  15 worker ants
  A hound zombie (D:7)
  A hound skeleton (D:11)
  A howler monkey zombie (D:8)
  11 gnolls
  16 adders
  5 shadow imps
  12 oozes
  An adder skeleton (D:7)
  An adder zombie (D:6)
  17 worms
  2 dart slugs (D:1)
  3 leopard geckos
  117 orcs
  6 ball pythons
  8 bats
  3 giant cockroaches
  7 goblins
  6 hobgoblins
  7 jackals
  33 kobolds
  8 quokkas
  6 frilled lizards
  A leopard gecko skeleton (D:4)
  A leopard gecko zombie (D:6)
  A quokka skeleton (D:5)
  9 rats
  3 plants (Lair:6)
1327 creatures vanquished.

Vanquished Creatures (others)
  A spriggan (Swamp:2)
  A spiny frog (Lair:6)
  A jumping spider (Spider:1)
  2 hornets
  A tyrant leech (Swamp:2)
  A bog body (Swamp:4)
  A tarantella (Spider:4)
  A swamp worm (Swamp:2)
  14 fungi
  7 plants
30 creatures vanquished.

Grand Total: 1357 creatures vanquished

Notes
Turn   | Place    | Note
-------+----------+-------------------------------------------
     0 | D:1      | JeffiDaFish the Gargoyle Fighter began the quest for the Orb.
     0 | D:1      | Reached XP level 1. HP: 14/14 MP: 1/1
   147 | D:1      | Reached XP level 2. HP: 17/19 MP: 2/2
   566 | D:1      | Reached XP level 3. HP: 24/24 MP: 3/3
  1213 | D:2      | Reached XP level 4. HP: 27/29 MP: 4/4
  1416 | D:2      | Reached XP level 5. HP: 30/33 MP: 5/5
  2573 | D:3      | Noticed Sigmund
  2586 | D:3      | Killed Sigmund
  2586 | D:3      | Reached skill level 1 in Dodging
  2586 | D:3      | Reached XP level 6. HP: 27/39 MP: 6/6
  2863 | D:3      | Found a glowing silver altar of Zin.
  2870 | D:3      | Found a glowing golden altar of the Shining One.
  2990 | D:4      | Reached skill level 5 in Maces & Flails
  3430 | D:4      | Reached XP level 7. HP: 42/44 MP: 7/7
  3437 | D:4      | Found a sacrificial altar of Ru.
  3569 | D:4      | Found Gekkish's Assorted Antiques.
  4077 | D:4      | Found a runed door.
  4085 | D:4      | Noticed Crazy Yiuf
  4089 | D:4      | Killed Crazy Yiuf
  4097 | D:4      | Got a transparent mace
  4098 | D:4      | Identified the +10 mace "String" {drain, *Drain +Inv Dex+4 Stlth+} (You found it on level 4 of the Dungeon)
  4242 | D:5      | Entered Level 5 of the Dungeon
  4242 | D:5      | Noticed a two-headed ogre
  4247 | D:4      | Killed a two-headed ogre
  4247 | D:4      | Reached skill level 5 in Armour
  4247 | D:4      | Reached skill level 1 in Stealth
  4359 | D:5      | Reached skill level 5 in Fighting
  4359 | D:5      | Reached skill level 5 in Shields
  4359 | D:5      | Reached XP level 8. HP: 44/49 MP: 6/8
  4495 | D:5      | Identified a scroll of acquirement
  5035 | D:6      | Reached XP level 9. HP: 53/54 MP: 9/9
  5155 | D:6      | Noticed Blork the orc
  5160 | D:6      | Killed Blork the orc
  5752 | D:7      | Found a staircase to the Ecumenical Temple.
  5921 | Temple   | Entered the Ecumenical Temple
  5971 | Temple   | Became a worshipper of Makhleb the Destroyer
  6403 | D:8      | Noticed Gastronok
  6405 | D:8      | Noticed Erica
  6415 | D:8      | Killed Erica
  6415 | D:8      | Reached XP level 10. HP: 56/61 MP: 10/10
  6432 | D:8      | Killed Gastronok
  6432 | D:8      | Reached skill level 10 in Maces & Flails
  6442 | D:8      | Noticed Grum
  6453 | D:8      | HP: 1/63 [orc warrior/battleaxe (6)]
  6851 | D:8      | Found a deep blue altar of Sif Muna.
  6952 | D:8      | Reached * piety under Makhleb
  6965 | D:8      | Noticed a kobold demonologist
  6977 | D:8      | Killed a kobold demonologist
  6977 | D:8      | Reached XP level 11. HP: 68/68 MP: 11/11
  7267 | D:8      | Killed Grum
  7267 | D:8      | Reached ** piety under Makhleb
  7618 | D:9      | Gained mutation: You are partially covered in large bone plates. (SH +4) [potion of mutation]
  7618 | D:9      | Gained mutation: You have sharp fingernails. [potion of mutation]
  7618 | D:9      | Lost mutation: You are partially covered in large bone plates. (SH +4) [potion of mutation]
  7892 | D:9      | Reached skill level 10 in Shields
  8225 | D:9      | Noticed a hill giant
  8234 | D:9      | Killed a hill giant
  8262 | D:9      | Learned a level 3 spell: Stone Arrow
  8375 | D:10     | Entered Level 10 of the Dungeon
  8523 | D:10     | Reached *** piety under Makhleb
  8552 | D:10     | Noticed a hill giant
  8564 | D:10     | Killed a hill giant
  8599 | D:10     | Found a staircase to the Orcish Mines.
  8608 | D:10     | Reached skill level 1 in Earth Magic
  8679 | D:10     | Noticed Erolcha
  8690 | D:10     | Killed Erolcha
  8690 | D:10     | Reached skill level 1 in Spellcasting
  8827 | D:10     | Got an encrusted scale mail
  8828 | D:10     | Identified the +4 scale mail of Absence {+Blink MR+ Int+4 Slay+3} (You found it on level 10 of the Dungeon)
  8888 | D:10     | Noticed a hill giant
  8895 | D:10     | Killed a hill giant
  8895 | D:10     | Reached skill level 1 in Conjurations
  8974 | D:10     | Reached XP level 12. HP: 75/75 MP: 13/13
  9113 | D:11     | Noticed Snorg
  9139 | D:11     | Killed Snorg
  9139 | D:11     | Reached **** piety under Makhleb
  9525 | D:11     | Noticed a death yak
  9548 | D:11     | Killed a death yak
  9592 | D:11     | Found a staircase to the Lair.
  9729 | D:11     | Noticed Fannar
  9742 | D:11     | Killed Fannar
  9774 | D:11     | Noticed a centaur warrior
  9784 | D:11     | Killed a centaur warrior
 10035 | Lair:1   | Entered Level 1 of the Lair of Beasts
 11356 | Lair:2   | Reached skill level 10 in Fighting
 11376 | Lair:2   | Reached skill level 10 in Armour
 11384 | Lair:2   | Reached ***** piety under Makhleb
 11384 | Lair:2   | Reached XP level 13. HP: 82/82 MP: 17/17
 12300 | Lair:3   | Found a staircase to the Swamp.
 12593 | Lair:3   | Found a dark tunnel.
 12603 | Volcano  | Entered a volcano
 13067 | Lair:3   | Reached skill level 5 in Earth Magic
 13174 | Lair:3   | Found a hole to the Spider Nest.
 13627 | Lair:4   | Reached skill level 5 in Conjurations
 13759 | Lair:4   | Noticed thedrunkenpirate's ghost (journeyman DrFi)
 13780 | Lair:4   | Killed thedrunkenpirate's ghost
 14241 | Lair:5   | Gained mutation: Your large and strong wings let you fly indefinitely. [Gargoyle growth]
 14241 | Lair:5   | Reached XP level 14. HP: 90/90 MP: 20/20
 14330 | Lair:5   | Got a blackened large shield
 14331 | Lair:5   | Identified the +3 large shield of Winter {*Slow rElec Dex+2 Stlth+} (You found it on level 5 of the Lair of Beasts)
 14379 | Lair:5   | Reached ****** piety under Makhleb
 15115 | Lair:5   | Found a viscous altar of Jiyva.
 15116 | Lair:5   | Found a staircase to the Slime Pits.
 15488 | Lair:6   | Entered Level 6 of the Lair of Beasts
 15613 | Lair:6   | Noticed a dire elephant
 15632 | Lair:6   | Killed a dire elephant
 15657 | Lair:6   | Reached skill level 5 in Spellcasting
 15672 | Lair:6   | Noticed a dire elephant
 15683 | Lair:6   | Killed a dire elephant
 15717 | Lair:6   | Found a burning altar of Makhleb.
 15830 | Lair:6   | Found a gateway to Hell.
 15841 | Lair:6   | Identified the +0 buckler of Classification {Str+3} (You found it on level 6 of the Lair of Beasts)
 15947 | Lair:6   | Reached XP level 15. HP: 96/96 MP: 22/22
 17775 | D:12     | Learned a level 4 spell: Fulminant Prism
 18979 | D:14     | Found a gate to the Vaults.
 19787 | D:15     | Entered Level 15 of the Dungeon
 19870 | D:15     | Got a steaming ruby amulet
 19872 | D:15     | Identified the amulet of Upaaxona {rF+ Regen+ Str+5 Dex-2} (You acquired it on level 15 of the Dungeon)
 20012 | D:15     | Reached XP level 16. HP: 104/104 MP: 24/24
 20057 | D:15     | Found a sacrificial altar of Ru.
 20115 | D:15     | Found a staircase to the Depths.
 20554 | Orc:1    | Entered Level 1 of the Orcish Mines
 20740 | Orc:1    | Found Cogiosucs's Food Shop.
 21233 | Orc:2    | Entered Level 2 of the Orcish Mines
 21276 | Orc:2    | Found a frozen archway.
 21405 | Orc:2    | Found a staircase to the Elven Halls.
 21522 | Orc:2    | Found a roughly hewn altar of Beogh.
 21588 | Orc:2    | Noticed Saint Roka
 21615 | Orc:2    | Killed Saint Roka
 21626 | Orc:2    | Found Edwer's General Store.
 21704 | Orc:2    | Found a roughly hewn altar of Beogh.
 21898 | Orc:2    | Found Byocwip's Antique Armour Shoppe.
 21904 | Orc:2    | Bought a shiny helmet for 367 gold pieces
 21995 | Orc:2    | Found Qyur's Antique Weapon Shoppe.
 22009 | Orc:2    | Found Namek's Jewellery Shoppe.
 22399 | Spider:1 | Entered Level 1 of the Spider Nest
 22458 | Spider:1 | Noticed Frances
 22478 | Spider:1 | Killed Frances
 22530 | Spider:1 | Noticed Agnes
 22555 | Spider:1 | Killed Agnes
 22777 | Spider:1 | Noticed Asterion
 22824 | Spider:1 | Killed Asterion
 22935 | Spider:1 | Reached skill level 15 in Shields
 23047 | Spider:1 | Learned a level 6 spell: Iron Shot
 23564 | Spider:2 | Reached skill level 15 in Maces & Flails
 23564 | Spider:2 | Reached XP level 17. HP: 111/111 MP: 26/26
 25303 | Spider:3 | Got a clouded lead amulet
 25305 | Spider:3 | Identified the amulet "Eggytesupsa" {Harm *Drain rElec rN+ Int+3} (You found it on level 3 of the Spider Nest)
 25606 | Spider:4 | Entered Level 4 of the Spider Nest
 26712 | Spider:4 | Reached skill level 10 in Earth Magic
 26778 | Spider:4 | Reached XP level 18. HP: 67/117 MP: 29/29
 26858 | Spider:4 | Noticed Nikola
 26895 | Spider:4 | Killed Nikola
 27073 | Spider:4 | Reached skill level 15 in Fighting
 27171 | Spider:4 | Got a gossamer rune of Zot
 27425 | Swamp:1  | Entered Level 1 of the Swamp
 27526 | Swamp:1  | Reached skill level 15 in Armour
 29639 | Swamp:4  | Entered Level 4 of the Swamp
 29813 | Swamp:4  | Reached XP level 19. HP: 124/124 MP: 31/31
 29862 | Swamp:4  | Got a decaying rune of Zot
 30691 | Vaults:1 | Entered Level 1 of the Vaults
 30961 | Vaults:1 | Slain by an orc knight

Skill      XL: |  1  2  3  4  5  6  7  8  9 10 11 12 13 14 15 16 17 18 19 |
---------------+----------------------------------------------------------+-----
Fighting       | 4 5 6 7 8 10 11 12 13 14 15 | 15.7
Maces & Flails | 3 4 5 6 7 9 10 11 12 13 14 15 16 | 16.4
Shields        | 4 5 6 8 9 10 11 12 13 14 15 16 | 16.7
Armour         | 4 5 6 7 8 10 11 12 13 14 15 | 15.6
Dodging        | 1 2 |  2.9
Stealth        | 1 |  1.3
Earth Magic    | 2 4 5 6 8 10 11 | 11.0
Spellcasting   | 1 3 4 5 6 7 8 |  8.2
Conjurations   | 1 3 5 6 7 8 9 |  9.9

Action                   |  1- 3 |  4- 6 |  7- 9 | 10-12 | 13-15 | 16-18 | 19-21 || total
-------------------------+-------+-------+-------+-------+-------+-------+-------++-------
Melee: Flail             |   147 |   244 |    70 |       |       |       |       ||   461
       Mace              |       |       |   226 |   748 |  1565 |  2378 |   308 ||  5225
 Cast: Stone Arrow       |       |       |       |       |       |    47 |       ||    47
 Abil: Fly               |       |       |       |       |       |     1 |       ||     1
  Use: Potion            |     3 |     3 |     6 |     6 |     5 |     4 |     2 ||    29
       Scroll            |     2 |     4 |     8 |     7 |    25 |     8 |     3 ||    57
 Stab: Distracted        |       |       |       |       |       |     1 |       ||     1
  Eat: Chunk             |     1 |     8 |     8 |    11 |    25 |    19 |     3 ||    75
       Royal jelly       |       |       |     1 |       |     2 |     3 |       ||     6
       Bread ration      |       |       |       |     1 |       |     1 |       ||     2
       Meat ration       |       |       |       |     1 |       |     2 |       ||     3
       Beef jerky        |       |       |       |       |     1 |       |       ||     1
       Pizza             |       |       |       |       |       |     1 |       ||     1
Armor: Scale mail        |    97 |   130 |    16 |       |       |       |       ||   243
       Chain mail        |       |       |    62 |       |       |       |       ||    62
       Plate armour      |       |       |    76 |   433 |   701 |  1906 |   217 ||  3333
Dodge: Dodged            |    54 |    81 |    79 |   222 |   316 |   704 |    79 ||  1535
Block: Shield            |    83 |   124 |   180 |   552 |   301 |       |       ||  1240
       Large shield      |       |       |       |       |  1229 |  3566 |   503 ||  5298
